Workbook
Name _: #REF!
Name _: #REF!
Name ________: #REF!
Name ________: #REF!
Name ___________: #REF!
Name ___________: #REF!
Name __________a70000: #REF!
Name __________a70000: #REF!
Name __________a70000: #REF!
Name _________a70000: #REF!
Name _________a70000: #REF!
Name _________a70000: #REF!
Name ________a100000: #REF!
Name ________a100000: #REF!
Name ________a100000: #REF!
Name ________a70000: #REF!
Name ________a70000: #REF!
Name ________a70000: #REF!
Name _______a100000: #REF!
Name _______a100000: #REF!
Name _______a100000: #REF!
Name _______a70000: #REF!
Name _______a70000: #REF!
Name _______a70000: #REF!
Name ______a100000: #REF!
Name ______a100000: #REF!
Name ______a100000: #REF!
Name ______a70000: #REF!
Name ______a70000: #REF!
Name ______a70000: #REF!
Name _____a100000: #REF!
Name _____a100000: #REF!
Name _____a100000: #REF!
Name _____a70000: #REF!
Name _____a70000: #REF!
Name _____a70000: #REF!
Name ____a100000: #REF!
Name ____a100000: #REF!
Name ____a100000: #REF!
Name ____a70000: #REF!
Name ____a70000: #REF!
Name ____a70000: #REF!
Name ___a100000: #REF!
Name ___a100000: #REF!
Name ___a100000: #REF!
Name ___a70000: #REF!
Name ___a70000: #REF!
Name ___a70000: #REF!
Name __a100000: #REF!
Name __a100000: #REF!
Name __a100000: #REF!
Name __a70000: #REF!
Name __a70000: #REF!
Name __a70000: #REF!
Name __SM1: #REF!
Name __SM1: #REF!
Name __SM1: #REF!
Name __SM10: #REF!
Name __SM10: #REF!
Name __SM10: #REF!

Sheet Planilha Proposta
A4: Orçamento Sintético
A6: Proponente: | K6: :
A7: Ano | K7: : | L7: 2025
A8: Proposta | K8: : | L8: Contratação de empresa especializada em elaboração de projetos de arquitetura e de engenharia Modelagem da Informação da Construção (BIM), para construção da Delegacia de Polícia Civil e CINTRAN, do município de Itapema, Santa Catarina
A9: Município(s) | K9: : | L9: Itapema
A11: Dimensão | K11: : | L11: 935,43m² | AD11: Data da Proposta (T) :
AD14: BDI:
A15: 01 - Consultoria
A16: 01.01 - Levantamentos, Estudos e Ensaios
A17: 01.01.01 - Mobilização e Desmobilização
D18: Referência | M18: Cód. Padrão | Q18: Cód. Auxiliar | T18: Descrição do Serviço | Y18: Unid. | AC18: Índice | AE18: Quantidade | AI18: BDI(%) | AK18: Preço Unitário(R$) | AQ18: Preço total
D19: 10101001 | M19: 15 | Q19: CPU127772 | T19: MOBILIZAÇÃO E DESMOBILIZAÇÃO DE EQUIPAMENTO DE SONDAGEM A PERCUSSÃO COM ENSAIO DE PENETRAÇÃO PADRÃO (SPT), INCLUSIVE CUSTO FIXO E VARIÁVEL - CO-29372/SIURB | Y19: UN | AC19: CON | AE19: 1 | AQ19: =TRUNC(AK19*AE19,2) -> 0 | AV19: =TRUNC(AK19*AE19,2) -> 0
A21: 01.01.02 - Levantamento Planialtimétrico
D22: Referência | M22: Cód. Padrão | Q22: Cód. Auxiliar | T22: Descrição do Serviço | Y22: Unid. | AC22: Índice | AE22: Quantidade | AI22: BDI(%) | AK22: Preço Unitário(R$) | AQ22: Preço total
D23: 10102001 | M23: 13 | Q23: CPU127762 | T23: LEVANTAMENTO PLANIALTIMÉTRICO DE ÁREAS - ATÉ 10.000M2 - 20001013/SIURB | Y23: UN | AC23: CON | AE23: 1 | AQ23: =TRUNC(AK23*AE23,2) -> 0 | AV23: =TRUNC(AK23*AE23,2) -> 0
A25: 01.01.03 - Sondagem
D26: Referência | M26: Cód. Padrão | Q26: Cód. Auxiliar | T26: Descrição do Serviço | Y26: Unid. | AC26: Índice | AE26: Quantidade | AI26: BDI(%) | AK26: Preço Unitário(R$) | AQ26: Preço total
D27: 10103001 | M27: 22 | Q27: CPU127795 | T27: SONDAGEM A PERCUSSÃO COM ENSAIO DE PENETRAÇÃO PADRÃO (SPT), DIÂMETRO 2.1/2", EXCLUSIVE MOBILIZAÇÃO E DESMOBILIZAÇÃO - CO-28388/SICOR-MG | Y27: M | AC27: CON | AE27: 80 | AQ27: =TRUNC(AK27*AE27,2) -> 0 | AV27: =TRUNC(AK27*AE27,2) -> 0
A29: 01.01.04 - Projeto de Arquitetura, Urbanismo e Paisagismo
D30: Referência | M30: Cód. Padrão | Q30: Cód. Auxiliar | T30: Descrição do Serviço | Y30: Unid. | AC30: Índice | AE30: Quantidade | AI30: BDI(%) | AK30: Preço Unitário(R$) | AQ30: Preço total
D31: 10104001 | M31: 30 | Q31: CPU127878 | T31: PROJETO ARQUITETÔNICO, PAISAGISMO E URBANISMO | Y31: M2 | AC31: CON | AE31: 991.81 | AI31: 26.17 | AQ31: =TRUNC(AK31*AE31,2) -> 0 | AV31: =TRUNC(AK31*AE31,2) -> 0
A33: 01.01.05 - Projetos de engenharia
D34: Referência | M34: Cód. Padrão | Q34: Cód. Auxiliar | T34: Descrição do Serviço | Y34: Unid. | AC34: Índice | AE34: Quantidade | AI34: BDI(%) | AK34: Preço Unitário(R$) | AQ34: Preço total
D35: 10105001 | M35: 31 | Q35: CPU127881 | T35: PROJETO ESTRUTURAL, INCLUSIVE FUNDAÇÃO | Y35: M2 | AC35: CON | AE35: 935.43 | AQ35: =TRUNC(AK35*AE35,2) -> 0 | AV35: =TRUNC(AK35*AE35,2) -> 0
D36: 10105002 | M36: 32 | Q36: CPU127883 | T36: PROJETO HIDROSSANITÁRIO | Y36: M2 | AC36: CON | AE36: 935.43 | AQ36: =TRUNC(AK36*AE36,2) -> 0 | AV36: =TRUNC(AK36*AE36,2) -> 0
D37: 10105003 | M37: 33 | Q37: CPU127884 | T37: PROJETO REDES ELÉTRICAS | Y37: M2 | AC37: CON | AE37: 935.43 | AQ37: =TRUNC(AK37*AE37,2) -> 0 | AV37: =TRUNC(AK37*AE37,2) -> 0
D38: 10105004 | M38: 38 | Q38: CPU127890 | T38: PROJETO DE ALARME E CFTV | Y38: M2 | AC38: CON | AE38: 935.43 | AQ38: =TRUNC(AK38*AE38,2) -> 0 | AV38: =TRUNC(AK38*AE38,2) -> 0
D39: 10105005 | M39: 35 | Q39: CPU127887 | T39: PROJETO DO SIST.DE CABEAMENTO ESTRUTURADO (VOZ, DADOS E SONORIZAÇÃO) | Y39: M2 | AC39: CON | AE39: 935.43 | AQ39: =TRUNC(AK39*AE39,2) -> 0 | AV39: =TRUNC(AK39*AE39,2) -> 0
D40: 10105006 | M40: 40 | Q40: CPU127892 | T40: PROJETO TELEFÔNICO | Y40: M2 | AC40: CON | AE40: 935.43 | AQ40: =TRUNC(AK40*AE40,2) -> 0 | AV40: =TRUNC(AK40*AE40,2) -> 0
D41: 10105007 | M41: 34 | Q41: CPU127886 | T41: PROJETO DE PREVENÇÃO E COMBATE A INCÊNDIO | Y41: M2 | AC41: CON | AE41: 991.81 | AQ41: =TRUNC(AK41*AE41,2) -> 0 | AV41: =TRUNC(AK41*AE41,2) -> 0
D42: 10105008 | M42: 37 | Q42: CPU127889 | T42: PROJETO DE CLIMATIZAÇÃO E CONFORTO AMBIENTAL | Y42: M2 | AC42: CON | AE42: 935.43 | AQ42: =TRUNC(AK42*AE42,2) -> 0 | AV42: =TRUNC(AK42*AE42,2) -> 0
A44: 01.01.06 - Elaboração do Planejamento, Conogramas e Planilha estimativa
D45: Referência | M45: Cód. Padrão | Q45: Cód. Auxiliar | T45: Descrição do Serviço | Y45: Unid. | AC45: Índice | AE45: Quantidade | AI45: BDI(%) | AK45: Preço Unitário(R$) | AQ45: Preço total
D46: 10106001 | M46: 41 | Q46: CPU127893 | T46: PLANILHA ORÇAMENTÁRIA PARA CONSTRUÇÕES NOVAS - ÁREA ATÉ 1.000 M2 - CO-27390/SICOR-MG | Y46: M2 | AC46: CON | AE46: 991.81 | AQ46: =TRUNC(AK46*AE46,2) -> 0 | AV46: =TRUNC(AK46*AE46,2) -> 0
A48: Total do Grupo**: | AL48: =SUM(AQ19:AQ46) -> 0 | AV48: =SUM(AV19:AV46) -> 0
A50: Total Geral do Orçamento: | AL50: =AL48 -> 0
A51: ** O Total do Grupo apresenta apenas os insumos que não são composições
A55: Descrição do grupo | V55: Total do Grupo | AE55: Preço/m²
A56: Consultoria | V56: =AL50 -> 0
A57: Total geral | V57: =V56 -> 0

Sheet Planilha1

Sheet composições
A4: Relatório de Composição do Serviço do Orçamento
A6: Órgão | F6: : | G6: PCSC - Polícia Civil de Santa Catarina | V6: Valores Expressos em Reais (R$)
A7: Ano | F7: : | G7: 2025
A8: Orçamento | F8: : | G8: Contratação de empresa especializada em elaboração de projetos de arquitetura e de engenharia Modelagem da Informação da Construção (BIM), para construção da Delegacia de Polícia Civil e CINTRAN, do município de Itapema, Santa Catarina
A9: Município(s) | F9: : | G9: Itapema
A11: Dimensão | F11: : | G11: 935,430 M2 | V11: Data base do orçamento (T) :
A13: Serviço: CPU127762 LEVANTAMENTO PLANIALTIMÉTRICO DE ÁREAS - ATÉ 10.000M2 - 20001013/SIURB | AD13: Unidade: UN
A15: Tipo | E15: Descricao | Q15: Código Auxiliar | U15: Unid. | Y15: Custo Unitário | AE15: Consumo | AL15: Custo Unitário
A16: Insumo | E16: AJUDANTE OU AUXILIAR DE TOPOGRAFIA (SGSP) - 01134/SIURB | Q16: MO127747 | U16: H | Y16: 27.72 | AE16: 50 | AL16: 1386
A17: Insumo | E17: DESENHISTA CADISTA (SGSP) - 01158/SIURB | Q17: MO127748 | U17: H | Y17: 50.65 | AE17: 12 | AL17: 607.8
A18: Insumo | E18: DESENHISTA DE TOPOGRAFIA - NÍVEL TÉCNICO (SGSP) - 01163/SIURB | Q18: MO127749 | U18: H | Y18: 66.39 | AE18: 24 | AL18: 1593.36
A19: Insumo | E19: TOPÓGRAFO (SGSP) - 01181/SIURB | Q19: MO127752 | U19: H | Y19: 67.06 | AE19: 25 | AL19: 1676.5
A21: Total: | AI21: 5263.66
A22: BDI:20,36% | AI22: 1071.68
A23: Preço unitário Total: | AI23: 6335.34
A25: Serviço: CPU127772 MOBILIZAÇÃO E DESMOBILIZAÇÃO DE EQUIPAMENTO DE SONDAGEM A PERCUSSÃO COM ENSAIO DE PENETRAÇÃO PADRÃO (SPT), INCLUSIVE CUSTO FIXO E VARIÁVEL - CO-29372/SIURB | AD25: Unidade: UN
A26: Observações: Adotado deslocamento de até 50KM
A28: Tipo | E28: Descricao | Q28: Código Auxiliar | U28: Unid. | Y28: Custo Unitário | AE28: Consumo | AL28: Custo Unitário
A29: Composição | E29: MOBILIZAÇÃO E DESMOBILIZAÇÃO DE EQUIPAMENTO DE SONDAGEM A PERCUSSÃO COM ENSAIO DE PENETRAÇÃO PADRÃO (SPT) - (CUSTO FIXO) - CO-28390/SICOR-MG | Q29: CPU127778 | U29: UN | Y29: 917.49 | AE29: 1 | AL29: 917.49
A30: Composição | E30: MOBILIZAÇÃO E DESMOBILIZAÇÃO DE EQUIPAMENTO DE SONDAGEM A PERCUSSÃO COM ENSAIO DE PENETRAÇÃO PADRÃO (SPT) - (CUSTO VARIÁVEL), EXCLUSIVE CUSTO FIXO - CO-28389/SICOR-MG | Q30: CPU127776 | U30: KM | Y30: 2.26 | AE30: 50 | AL30: 113
A32: Total: | AI32: 1030.49
A33: BDI:20,36% | AI33: 209.8
A34: Preço unitário Total: | AI34: 1240.29
A36: Serviço: CPU127795 SONDAGEM A PERCUSSÃO COM ENSAIO DE PENETRAÇÃO PADRÃO (SPT), DIÂMETRO 2.1/2", EXCLUSIVE MOBILIZAÇÃO E DESMOBILIZAÇÃO - CO-28388/SICOR-MG | AD36: Unidade: M
A38: Tipo | E38: Descricao | Q38: Código Auxiliar | U38: Unid. | Y38: Custo Unitário | AE38: Consumo | AL38: Custo Unitário
A39: Insumo | E39: SONDAGEM À PERCUSSÃO SPT (DIÂMETRO DO FURO: 2.1/2"|FATURAMENTO MÍNIMO: 10M) - MATCO-28387 - SICOR-MG | Q39: MAT127740 | U39: M | Y39: 79.31 | AE39: 1 | AL39: 79.31
A41: Total: | AI41: 79.31
A42: BDI:20,36% | AI42: 16.14
A43: Preço unitário Total: | AI43: 95.45
A45: Serviço: CPU127878 PROJETO ARQUITETÔNICO, PAISAGISMO E URBANISMO | AD45: Unidade: M2
A46: Observações: DEPARTAMENTODE EDIFICAÇÕES E DE RODOVIAS DO ESPÍRITO SANTO -DER-ES - PROJETO DE DELEGACIAS DE POLÍCIA - Mar/24 reajustado por indice FGV Dez/24
A48: Tipo | E48: Descricao | Q48: Código Auxiliar | U48: Unid. | Y48: Custo Unitário | AE48: Consumo | AL48: Custo Unitário
A49: Insumo | E49: PROJETO ARQUITETÔNICO | Q49: MO127801 | U49: M2 | Y49: 31.49 | AE49: 1 | AL49: 31.49
A51: Total: | AI51: 31.49
A52: BDI:26,17% | AI52: 8.24
A53: Preço unitário Total: | AI53: 39.73
A55: Serviço: CPU127881 PROJETO ESTRUTURAL, INCLUSIVE FUNDAÇÃO | AD55: Unidade: M2
A56: Observações: DEPARTAMENTODE EDIFICAÇÕES E DE RODOVIAS DO ESPÍRITO SANTO -DER-ES - PROJETO DE DELEGACIAS DE POLÍCIA - Mar/24 reajustado por indice FGV Dez/24
A58: Tipo | E58: Descricao | Q58: Código Auxiliar | U58: Unid. | Y58: Custo Unitário | AE58: Consumo | AL58: Custo Unitário
A59: Insumo | E59: PROJETO ESTRUTURAL, INCLUSIVE FUNDAÇÃO | Q59: MO127803 | U59: M2 | Y59: 19.18 | AE59: 1 | AL59: 19.18
A61: Total: | AI61: 19.18
A62: BDI:26,17% | AI62: 5.01
A63: Preço unitário Total: | AI63: 24.19
A65: Serviço: CPU127883 PROJETO HIDROSSANITÁRIO | AD65: Unidade: M2
A66: Observações: DEPARTAMENTODE EDIFICAÇÕES E DE RODOVIAS DO ESPÍRITO SANTO -DER-ES - PROJETO DE DELEGACIAS DE POLÍCIA - Mar/24 reajustado por indice FGV Dez/24
A68: Tipo | E68: Descricao | Q68: Código Auxiliar | U68: Unid. | Y68: Custo Unitário | AE68: Consumo | AL68: Custo Unitário
A69: Insumo | E69: PROJETO HIDROSSANITÁRIO | Q69: MO127804 | U69: M2 | Y69: 11.86 | AE69: 1 | AL69: 11.86
A71: Total: | AI71: 11.86
A72: BDI:26,17% | AI72: 3.1
A73: Preço unitário Total: | AI73: 14.96
A75: Serviço: CPU127884 PROJETO REDES ELÉTRICAS | AD75: Unidade: M2
A76: Observações: DEPARTAMENTODE EDIFICAÇÕES E DE RODOVIAS DO ESPÍRITO SANTO -DER-ES - PROJETO DE DELEGACIAS DE POLÍCIA - Mar/24 reajustado por indice FGV Dez/24
A78: Tipo | E78: Descricao | Q78: Código Auxiliar | U78: Unid. | Y78: Custo Unitário | AE78: Consumo | AL78: Custo Unitário
A79: Insumo | E79: PROJETO REDES ELÉTRICAS | Q79: MO127806 | U79: M2 | Y79: 12.83 | AE79: 1 | AL79: 12.83
A81: Total: | AI81: 12.83
A82: BDI:26,17% | AI82: 3.35
A83: Preço unitário Total: | AI83: 16.18
A88: Serviço: CPU127886 PROJETO DE PREVENÇÃO E COMBATE A INCÊNCIO | AD88: Unidade: M2
A89: Observações: DEPARTAMENTODE EDIFICAÇÕES E DE RODOVIAS DO ESPÍRITO SANTO -DER-ES - PROJETO DE DELEGACIAS DE POLÍCIA - Mar/24 reajustado por indice FGV Dez/24
A91: Tipo | E91: Descricao | Q91: Código Auxiliar | U91: Unid. | Y91: Custo Unitário | AE91: Consumo | AL91: Custo Unitário
A92: Insumo | E92: PROJETO DE PREVENÇÃO E COMBATE A INCÊNDIO | Q92: MO127805 | U92: M2 | Y92: 3.26 | AE92: 1 | AL92: 3.26
A94: Total: | AI94: 3.26
A95: BDI:26,17% | AI95: 0.85
A96: Preço unitário Total: | AI96: 4.11
A98: Serviço: CPU127887 PROJETO DO SIST.DE CABEAMENTO ESTRUTURADO (VOZ, DADOS E SONORIZAÇÃO) | AD98: Unidade: M2
A99: Observações: DEPARTAMENTODE EDIFICAÇÕES E DE RODOVIAS DO ESPÍRITO SANTO -DER-ES - PROJETO DE DELEGACIAS DE POLÍCIA - Mar/24 reajustado por indice FGV Dez/24
A101: Tipo | E101: Descricao | Q101: Código Auxiliar | U101: Unid. | Y101: Custo Unitário | AE101: Consumo | AL101: Custo Unitário
A102: Insumo | E102: PROJETO DO SIST.DE CABEAMENTO ESTRUTURADO (VOZ, DADOS E SONORIZAÇÃO) | Q102: MO127888 | U102: M2 | Y102: 6.41 | AE102: 1 | AL102: 6.41
A104: Total: | AI104: 6.41
A105: BDI:26,17% | AI105: 1.67
A106: Preço unitário Total: | AI106: 8.08
A108: Serviço: CPU127889 PROJETO DE CLIMATIZAÇÃO E CONFORTO AMBIENTAL | AD108: Unidade: M2
A109: Observações: DEPARTAMENTODE EDIFICAÇÕES E DE RODOVIAS DO ESPÍRITO SANTO -DER-ES - PROJETO DE DELEGACIAS DE POLÍCIA - Mar/24 reajustado por indice FGV Dez/24
A111: Tipo | E111: Descricao | Q111: Código Auxiliar | U111: Unid. | Y111: Custo Unitário | AE111: Consumo | AL111: Custo Unitário
A112: Insumo | E112: PROJETO DE CLIMATIZAÇÃO E CONFORTO AMBIENTAL | Q112: MO127807 | U112: M2 | Y112: 5.16 | AE112: 1 | AL112: 5.16
A114: Total: | AI114: 5.16
A115: BDI:26,17% | AI115: 1.35
A116: Preço unitário Total: | AI116: 6.51
A118: Serviço: CPU127890 PROJETO DE ALARME E CFTV | AD118: Unidade: M2
A119: Observações: DEPARTAMENTODE EDIFICAÇÕES E DE RODOVIAS DO ESPÍRITO SANTO -DER-ES - PROJETO DE DELEGACIAS DE POLÍCIA - Mar/24 reajustado por indice FGV Dez/24
A121: Tipo | E121: Descricao | Q121: Código Auxiliar | U121: Unid. | Y121: Custo Unitário | AE121: Consumo | AL121: Custo Unitário
A122: Insumo | E122: PROJETO DE ALARME E CFTV | Q122: MO127808 | U122: M2 | Y122: 3.17 | AE122: 1 | AL122: 3.17
A124: Total: | AI124: 3.17
A125: BDI:26,17% | AI125: 0.82
A126: Preço unitário Total: | AI126: 3.99
A129: Serviço: CPU127892 PROJETO TELEFÔNICO | AD129: Unidade: M2
A130: Observações: DEPARTAMENTODE EDIFICAÇÕES E DE RODOVIAS DO ESPÍRITO SANTO -DER-ES - PROJETO DE DELEGACIAS DE POLÍCIA - Mar/24 reajustado por indice FGV Dez/24
A132: Tipo | E132: Descricao | Q132: Código Auxiliar | U132: Unid. | Y132: Custo Unitário | AE132: Consumo | AL132: Custo Unitário
A133: Insumo | E133: PROJETO TELEFÔNICO | Q133: MO127891 | U133: M2 | Y133: 4.14 | AE133: 1 | AL133: 4.14
A135: Total: | AI135: 4.14
A136: BDI:26,17% | AI136: 1.08
A137: Preço unitário Total: | AI137: 5.22
A139: Serviço: CPU127893 PLANILHA ORÇAMENTÁRIA PARA CONSTRUÇÕES NOVAS - ÁREA ATÉ 1.000 M2 - CO-27390/SICOR-MG | AD139: Unidade: M2
A140: Observações: SICOR-MG - Departamento de Estradas de Rodagem do Estado de Minas Gerais - DER/MG - Out/2024 reajustado por indice FGV consultoria para Dez/24.
A142: Tipo | E142: Descricao | Q142: Código Auxiliar | U142: Unid. | Y142: Custo Unitário | AE142: Consumo | AL142: Custo Unitário
A143: Insumo | E143: ENGENHEIRO/ARQUITETO, NÍVEL PLENO, INCLUSIVE ENCARGOS COMPLEMENTARES - CO-27347/SICOR-MG | Q143: MO127745 | U143: H | Y143: 120.95 | AE143: 0.0345 | AL143: 4.17
A145: Total: | AI145: 4.17
A146: BDI:26,17% | AI146: 1.09
A147: Preço unitário Total: | AI147: 5.26
C150: Sistema Integrado de Controle de Obras Públicas
...

Sheet CRONOGRAMA (2)
B4: CRONOGRAMA FINANCEIRO
A5: Objeto: | B5: ='Planilha Proposta'!L8 -> Contratação de empresa especializada em elaboração de projetos de arquitetura e de engenharia Modelagem da Informação da Construção (BIM), para construção da Delegacia de Polícia Civil e CINTRAN, do município de Itapema, Santa Catarina
A8: ATIVIDADES | C8: PREÇO | D8: MESES | J8: TOTAL
D9: 1 | E9: 2 | F9: 3 | G9: 4 | H9: 5 | I9: 6
A10: 01.01 - Levantamentos, Estudos e Ensaios | C10: =C12+C17+C22 -> 0 | D10: =D11/C10 -> #DIV/0! | E10: =E11/$C$10 -> #DIV/0! | F10: =F11/$C$10 -> #DIV/0! | G10: =G11/$C$10 -> #DIV/0! | H10: =H11/$C$10 -> #DIV/0! | I10: =I11/$C$10 -> #DIV/0! | J10: =SUM(D10:I10) -> #DIV/0!
D11: =(D12*C12)+(D17*C17)+(D22*C22) -> 0 | E11: =(E12*C12)+(E17*C17)+(E22*C22) -> 0 | F11: =(F12*C12)+(F17*C17)+(F22*C22) -> 0 | G11: =(G12*C12)+(G17*C17)+(G22*C22) -> 0 | H11: =(H12*C12)+(H17*C17)+(H22*C22) -> 0 | I11: =(I12*C12)+(I17*C17)+(I22*C22) -> 0 | J11: =SUM(D11:I11) -> 0 | K11: =J11/C192 -> #DIV/0!
A12: MOBILIZAÇÃO E DESMOBILIZAÇÃO | C12: ='Planilha Proposta'!AQ19 -> 0 | D12: =(D13*A13)+(D14*A14)+(D15*A15)+(D16*A16) -> 1 | E12: =(E13*A13)+(E14*A14)+(E15*A15)+(E16*A16) -> 0 | F12: =(F13*A13)+(F14*A14)+(F15*A15)+(F16*A16) -> 0 | G12: =(G13*A13)+(G14*A14)+(G15*A15)+(G16*A16) -> 0 | H12: =(H13*A13)+(H14*A14)+(H15*A15)+(H16*A16) -> 0 | I12: =(I13*A13)+(I14*A14)+(I15*A15)+(I16*A16) -> 0 | J12: =SUM(D12:I12) -> 1
A13: 0 | B13: Execução | D13: 1 | J13: =SUM(D13:I13) -> 1
A14: 0.2 | B14: Entrega | D14: 1 | J14: =SUM(D14:I14) -> 1
A15: 0 | B15: Análise e Revisões | D15: 1 | J15: =SUM(D15:I15) -> 1
A16: 0.8 | B16: Aprovação | D16: 1 | J16: =SUM(D16:I16) -> 1
A17: LEVANTAMENTO PLANIALTIMÉTRICO | C17: ='Planilha Proposta'!AQ23 -> 0 | D17: =(D18*A18)+(D19*A19)+(D20*A20)+(D21*A21) -> 1 | E17: =(E18*A18)+(E19*A19)+(E20*A20)+(E21*A21) -> 0 | F17: =(F18*A18)+(F19*A19)+(F20*A20)+(F21*A21) -> 0 | G17: =(G18*A18)+(G19*A19)+(G20*A20)+(G21*A21) -> 0 | H17: =(H18*A18)+(H19*A19)+(H20*A20)+(H21*A21) -> 0 | I17: =(I18*A18)+(I19*A19)+(I20*A20)+(I21*A21) -> 0 | J17: =SUM(D17:I17) -> 1
A18: 0 | B18: Execução | D18: 1 | J18: =SUM(D18:I18) -> 1
A19: 0.2 | B19: Entrega | D19: 1 | J19: =SUM(D19:I19) -> 1
A20: 0 | B20: Análise e Revisões | D20: 1 | J20: =SUM(D20:I20) -> 1
A21: 0.8 | B21: Aprovação | D21: 1 | J21: =SUM(D21:I21) -> 1
A22: SONDAGEM | C22: ='Planilha Proposta'!AQ27 -> 0 | D22: =(D23*A23)+(D24*A24)+(D25*A25)+(D26*A26) -> 1 | E22: =(E23*A23)+(E24*A24)+(E25*A25)+(E26*A26) -> 0 | F22: =(F23*A23)+(F24*A24)+(F25*A25)+(F26*A26) -> 0 | G22: =(G23*A23)+(G24*A24)+(G25*A25)+(G26*A26) -> 0 | H22: =(H23*A23)+(H24*A24)+(H25*A25)+(H26*A26) -> 0 | I22: =(I23*A23)+(I24*A24)+(I25*A25)+(I26*A26) -> 0 | J22: =SUM(D22:I22) -> 1
A23: 0 | B23: Execução | D23: 1 | J23: =SUM(D23:I23) -> 1
A24: 0.2 | B24: Entrega | D24: 1 | J24: =SUM(D24:I24) -> 1
A25: 0 | B25: Análise e Revisões | D25: 1 | J25: =SUM(D25:I25) -> 1
A26: 0.8 | B26: Aprovação | D26: 1 | J26: =SUM(D26:I26) -> 1
A27: 01.01.04 - Projeto de Arquitetura, Urbanismo e Paisagismo | C27: ='Planilha Proposta'!AQ31 -> 0 | D27: =D28/$C$27 -> #DIV/0! | E27: =E28/$C$27 -> #DIV/0! | F27: =F28/$C$27 -> #DIV/0! | G27: =G28/$C$27 -> #DIV/0! | H27: =H28/$C$27 -> #DIV/0! | I27: =I28/$C$27 -> #DIV/0! | J27: =SUM(D27:I27) -> #DIV/0!
D28: =(D29*$C$29)+(D34*$C$34)+($C$39*D39)+(D44*$C$44)+(D49*$C$49) -> 0 | E28: =(E29*$C$29)+(E34*$C$34)+($C$39*E39)+(E44*$C$44)+(E49*$C$49) -> 0 | F28: =(F29*$C$29)+(F34*$C$34)+($C$39*F39)+(F44*$C$44)+(F49*$C$49) -> 0 | G28: =(G29*$C$29)+(G34*$C$34)+($C$39*G39)+(G44*$C$44)+(G49*$C$49) -> 0 | H28: =(H29*$C$29)+(H34*$C$34)+($C$39*H39)+(H44*$C$44)+(H49*$C$49) -> 0 | I28: =(I29*$C$29)+(I34*$C$34)+($C$39*I39)+(I44*$C$44)+(I49*$C$49) -> 0 | J28: =SUM(D28:I28) -> 0
A29: Elaboração do Anteprojeto - AP | C29: =ROUND($C$27*0.1,4) -> 0 | D29: =(D30*A30)+(D31*A31)+(D32*A32)+(D33*A33) -> 0 | E29: =(E30*A30)+(E31*A31)+(E32*A32)+(E33*A33) -> 1 | F29: =(F30*A30)+(F31*A31)+(F32*A32)+(F33*A33) -> 0 | G29: =(G30*A30)+(G31*A31)+(G32*A32)+(G33*A33) -> 0 | H29: =(H30*A30)+(H31*A31)+(H32*A32)+(H33*A33) -> 0 | I29: =(I30*A30)+(I31*A31)+(I32*A32)+(I33*A33) -> 0 | J29: =SUM(D29:I29) -> 1
A30: 0 | B30: Execução | D30: 0.4 | E30: 0.6 | J30: =SUM(D30:I30) -> 1
A31: 0.2 | B31: Entrega | E31: 1 | J31: =SUM(D31:I31) -> 1
A32: 0 | B32: Análise e Revisões | E32: 1 | J32: =SUM(D32:I32) -> 1
A33: 0.8 | B33: Aprovação | E33: 1 | J33: =SUM(D33:I33) -> 1
A34: Elaboração do Projeto Legal Entrada - PLE | C34: =ROUND($C$27*0.05,4) -> 0 | D34: =(D35*A35)+(D36*A36)+(D37*A37)+(D38*A38) -> 0 | E34: =(E35*A35)+(E36*A36)+(E37*A37)+(E38*A38) -> 0 | F34: =(F35*A35)+(F36*A36)+(F37*A37)+(F38*A38) -> 1 | G34: =(G35*A35)+(G36*A36)+(G37*A37)+(G38*A38) -> 0 | H34: =(H35*A35)+(H36*A36)+(H37*A37)+(H38*A38) -> 0 | I34: =(I35*A35)+(I36*A36)+(I37*A37)+(I38*A38) -> 0 | J34: =SUM(D34:I34) -> 1
A35: 0 | B35: Execução | E35: 0.4 | F35: 0.6 | J35: =SUM(D35:I35) -> 1
A36: 0.2 | B36: Entrega | F36: 1 | J36: =SUM(D36:I36) -> 1
A37: 0 | B37: Análise e Revisões | F37: 1 | J37: =SUM(D37:I37) -> 1
A38: 0.8 | B38: Aprovação | F38: 1 | J38: =SUM(D38:I38) -> 1
A39: Elaboração do Projeto Legal Aprovado - PLA | C39: =ROUND($C$27*0.05,4) -> 0 | D39: =(D40*A40)+(D41*A41)+(D42*A42)+(D43*A43) -> 0 | E39: =(E40*A40)+(E41*A41)+(E42*A42)+(E43*A43) -> 0 | F39: =(F40*A40)+(F41*A41)+(F42*A42)+(F43*A43) -> 0.2 | G39: =(G40*A40)+(G41*A41)+(G42*A42)+(G43*A43) -> 0.8 | H39: =(H40*A40)+(H41*A41)+(H42*A42)+(H43*A43) -> 0 | I39: =(I40*A40)+(I41*A41)+(I42*A42)+(I43*A43) -> 0 | J39: =SUM(D39:I39) -> 1
A40: 0 | B40: Execução | F40: 1 | J40: =SUM(D40:I40) -> 1
A41: 0.2 | B41: Entrega | F41: 1 | J41: =SUM(D41:I41) -> 1
A42: 0 | B42: Análise e Revisões | F42: 1 | J42: =SUM(D42:I42) -> 1
A43: 0.8 | B43: Aprovação | G43: 1 | J43: =SUM(D43:I43) -> 1
A44: Elaboração do Projeto básico - PB | C44: =ROUND($C$27*0.3,4) -> 0 | D44: =(D45*A45)+(D46*A46)+(D47*A47)+(D48*A48) -> 0 | E44: =(E45*A45)+(E46*A46)+(E47*A47)+(E48*A48) -> 0 | F44: =(F45*A45)+(F46*A46)+(F47*A47)+(F48*A48) -> 0 | G44: =(G45*A45)+(G46*A46)+(G47*A47)+(G48*A48) -> 1 | H44: =(H45*A45)+(H46*A46)+(H47*A47)+(H48*A48) -> 0 | I44: =(I45*A45)+(I46*A46)+(I47*A47)+(I48*A48) -> 0 | J44: =SUM(D44:I44) -> 1
A45: 0 | B45: Execução | E45: 0.35 | F45: 0.6 | G45: 0.05 | J45: =SUM(D45:I45) -> 1
A46: 0.2 | B46: Entrega | G46: 1 | J46: =SUM(D46:I46) -> 1
A47: 0 | B47: Análise e Revisões | G47: 1 | J47: =SUM(D47:I47) -> 1
A48: 0.8 | B48: Aprovação | G48: 1 | J48: =SUM(D48:I48) -> 1
A49: Elaboração do Projeto Executivo - PE | C49: =ROUND($C$27*0.5,4) -> 0 | D49: =(D50*A50)+(D51*A51)+(D52*A52)+(D53*A53) -> 0 | E49: =(E50*A50)+(E51*A51)+(E52*A52)+(E53*A53) -> 0 | F49: =(F50*A50)+(F51*A51)+(F52*A52)+(F53*A53) -> 0 | G49: =(G50*A50)+(G51*A51)+(G52*A52)+(G53*A53) -> 0 | H49: =(H50*A50)+(H51*A51)+(H52*A52)+(H53*A53) -> 0.2 | I49: =(I50*A50)+(I51*A51)+(I52*A52)+(I53*A53) -> 0.8 | J49: =SUM(D49:I49) -> 1
A50: 0 | B50: Execução | F50: 0.35 | G50: 0.6 | H50: 0.05 | J50: =SUM(D50:I50) -> 1
A51: 0.2 | B51: Entrega | H51: 1 | J51: =SUM(D51:I51) -> 1
A52: 0 | B52: Análise e Revisões | H52: 1 | J52: =SUM(D52:I52) -> 1
A53: 0.8 | B53: Aprovação | I53: 1 | J53: =SUM(D53:I53) -> 1
A54: PROJETO ESTRUTURAL, INCLUSIVE FUNDAÇÃO | C54: ='Planilha Proposta'!AQ35 -> 0 | D54: =D55/C54 -> #DIV/0! | E54: =E55/C54 -> #DIV/0! | F54: =F55/$C$54 -> #DIV/0! | G54: =G55/$C$54 -> #DIV/0! | H54: =H55/$C$54 -> #DIV/0! | I54: =I55/$C$54 -> #DIV/0! | J54: =SUM(D54:I54) -> #DIV/0!
D55: =(D56*$C$56)+(D61*$C$61) -> 0 | E55: =(E56*$C$56)+(E61*$C$61) -> 0 | F55: =(F56*$C$56)+(F61*$C$61) -> 0 | G55: =(G56*$C$56)+(G61*$C$61) -> 0 | H55: =(H56*$C$56)+(H61*$C$61) -> 0 | I55: =(I56*$C$56)+(I61*$C$61) -> 0 | J55: =SUM(D55:I55) -> 0
A56: Elaboração do Projeto básico - PB | C56: =ROUND($C$54*0.6,4) -> 0 | D56: =(D57*A57)+(D58*A58)+(D59*A59)+(D60*A60) -> 0 | E56: =(E57*A57)+(E58*A58)+(E59*A59)+(E60*A60) -> 0 | F56: =(F57*A57)+(F58*A58)+(F59*A59)+(F60*A60) -> 0 | G56: =(G57*A57)+(G58*A58)+(G59*A59)+(G60*A60) -> 0 | H56: =(H57*A57)+(H58*A58)+(H59*A59)+(H60*A60) -> 1 | I56: =(I57*A57)+(I58*A58)+(I59*A59)+(I60*A60) -> 0 | J56: =SUM(D56:I56) -> 1
A57: 0 | B57: Execução | F57: 0.3 | G57: 0.6 | H57: 0.1 | J57: =SUM(D57:I57) -> 1
A58: 0.2 | B58: Entrega | H58: 1 | J58: =SUM(D58:I58) -> 1
A59: 0 | B59: Análise e Revisões | H59: 1 | J59: =SUM(D59:I59) -> 1
A60: 0.8 | B60: Aprovação | H60: 1 | J60: =SUM(D60:I60) -> 1
A61: Elaboração do Projeto Executivo - PE | C61: =ROUND($C$54*0.4,4) -> 0 | D61: =(D62*A62)+(D63*A63)+(D64*A64)+(D65*A65) -> 0 | E61: =(E62*A62)+(E63*A63)+(E64*A64)+(E65*A65) -> 0 | F61: =(F62*A62)+(F63*A63)+(F64*A64)+(F65*A65) -> 0 | G61: =(G62*A62)+(G63*A63)+(G64*A64)+(G65*A65) -> 0 | H61: =(H62*A62)+(H63*A63)+(H64*A64)+(H65*A65) -> 0.2 | I61: =(I62*A62)+(I63*A63)+(I64*A64)+(I65*A65) -> 0.8 | J61: =SUM(D61:I61) -> 1
A62: 0 | B62: Execução | G62: 0.35 | H62: 0.65 | J62: =SUM(D62:I62) -> 1
A63: 0.2 | B63: Entrega | G63: 0 | H63: 1 | J63: =SUM(D63:I63) -> 1
A64: 0 | B64: Análise e Revisões | I64: 1 | J64: =SUM(D64:I64) -> 1
A65: 0.8 | B65: Aprovação | I65: 1 | J65: =SUM(D65:I65) -> 1
A66: PROJETO HIDROSSANITÁRIO | C66: ='Planilha Proposta'!AQ36 -> 0 | D66: =D67/$C$66 -> #DIV/0! | E66: =E67/$C$66 -> #DIV/0! | F66: =F67/$C$66 -> #DIV/0! | G66: =G67/$C$66 -> #DIV/0! | H66: =H67/$C$66 -> #DIV/0! | I66: =I67/$C$66 -> #DIV/0! | J66: =SUM(D66:I66) -> #DIV/0!
D67: =(D68*$C$68)+(D73*$C$73)+(D78*$C$78)+($C$83*D83) -> 0 | E67: =(E68*$C$68)+(E73*$C$73)+(E78*$C$78)+($C$83*E83) -> 0 | F67: =(F68*$C$68)+(F73*$C$73)+(F78*$C$78)+($C$83*F83) -> 0 | G67: =(G68*$C$68)+(G73*$C$73)+(G78*$C$78)+($C$83*G83) -> 0 | H67: =(H68*$C$68)+(H73*$C$73)+(H78*$C$78)+($C$83*H83) -> 0 | I67: =(I68*$C$68)+(I73*$C$73)+(I78*$C$78)+($C$83*I83) -> 0 | J67: =SUM(D67:I67) -> 0
A68: Elaboração do Projeto Legal Entrada - PLE | C68: =ROUND($C$66*0.1,4) -> 0 | D68: =(D69*A69)+(D70*A70)+(D71*A71)+(D72*A72) -> 0 | E68: =(E69*A69)+(E70*A70)+(E71*A71)+(E72*A72) -> 0 | F68: =(F69*A69)+(F70*A70)+(F71*A71)+(F72*A72) -> 0.2 | G68: =(G69*A69)+(G70*A70)+(G71*A71)+(G72*A72) -> 0.8 | H68: =(H69*A69)+(H70*A70)+(H71*A71)+(H72*A72) -> 0 | I68: =(I69*A69)+(I70*A70)+(I71*A71)+(I72*A72) -> 0 | J68: =SUM(D68:I68) -> 1
A69: 0 | B69: Execução | F69: 1 | J69: =SUM(D69:I69) -> 1
A70: 0.2 | B70: Entrega | F70: 1 | J70: =SUM(D70:I70) -> 1
A71: 0 | B71: Análise e Revisões | G71: 1 | J71: =SUM(D71:I71) -> 1
A72: 0.8 | B72: Aprovação | G72: 1 | J72: =SUM(D72:I72) -> 1
A73: Elaboração do Projeto Legal Aprovado - PLA | C73: =ROUND($C$66*0.1,4) -> 0 | D73: =(D74*A74)+(D75*A75)+(D76*A76)+(D77*A77) -> 0 | E73: =(E74*A74)+(E75*A75)+(E76*A76)+(E77*A77) -> 0 | F73: =(F74*A74)+(F75*A75)+(F76*A76)+(F77*A77) -> 0 | G73: =(G74*A74)+(G75*A75)+(G76*A76)+(G77*A77) -> 0.2 | H73: =(H74*A74)+(H75*A75)+(H76*A76)+(H77*A77) -> 0.8 | I73: =(I74*A74)+(I75*A75)+(I76*A76)+(I77*A77) -> 0 | J73: =SUM(D73:I73) -> 1
A74: 0 | B74: Execução | G74: 1 | J74: =SUM(D74:I74) -> 1
A75: 0.2 | B75: Entrega | G75: 1 | J75: =SUM(D75:I75) -> 1
A76: 0 | B76: Análise e Revisões | G76: 1 | J76: =SUM(D76:I76) -> 1
A77: 0.8 | B77: Aprovação | H77: 1 | J77: =SUM(D77:I77) -> 1
A78: Elaboração do Projeto básico - PB | C78: =ROUND($C$66*0.3,4) -> 0 | D78: =(D79*A79)+(D80*A80)+(D81*A81)+(D82*A82) -> 0 | E78: =(E79*A79)+(E80*A80)+(E81*A81)+(E82*A82) -> 0 | F78: =(F79*A79)+(F80*A80)+(F81*A81)+(F82*A82) -> 0 | G78: =(G79*A79)+(G80*A80)+(G81*A81)+(G82*A82) -> 0 | H78: =(H79*A79)+(H80*A80)+(H81*A81)+(H82*A82) -> 1 | I78: =(I79*A79)+(I80*A80)+(I81*A81)+(I82*A82) -> 0 | J78: =SUM(D78:I78) -> 1
A79: 0 | B79: Execução | F79: 0.3 | G79: 0.6 | H79: 0.1 | J79: =SUM(D79:I79) -> 1
A80: 0.2 | B80: Entrega | H80: 1 | J80: =SUM(D80:I80) -> 1
A81: 0 | B81: Análise e Revisões | H81: 1 | J81: =SUM(D81:I81) -> 1
A82: 0.8 | B82: Aprovação | H82: 1 | J82: =SUM(D82:I82) -> 1
A83: Elaboração do Projeto Executivo - PE | C83: =ROUND($C$66*0.5,4) -> 0 | D83: =(D84*A84)+(D85*A85)+(D86*A86)+(D87*A87) -> 0 | E83: =(E84*A84)+(E85*A85)+(E86*A86)+(E87*A87) -> 0 | F83: =(F84*A84)+(F85*A85)+(F86*A86)+(F87*A87) -> 0 | G83: =(G84*A84)+(G85*A85)+(G86*A86)+(G87*A87) -> 0 | H83: =(H84*A84)+(H85*A85)+(H86*A86)+(H87*A87) -> 0.2 | I83: =(I84*A84)+(I85*A85)+(I86*A86)+(I87*A87) -> 0.8 | J83: =SUM(D83:I83) -> 1
A84: 0 | B84: Execução | G84: 0.3 | H84: 0.7 | J84: =SUM(D84:I84) -> 1
A85: 0.2 | B85: Entrega | G85: 0 | H85: 1 | J85: =SUM(D85:I85) -> 1
A86: 0 | B86: Análise e Revisões | I86: 1 | J86: =SUM(D86:I86) -> 1
A87: 0.8 | B87: Aprovação | I87: 1 | J87: =SUM(D87:I87) -> 1
A88: PROJETO REDES ELÉTRICAS | C88: ='Planilha Proposta'!AQ37 -> 0 | D88: =D89/$C$88 -> #DIV/0! | E88: =E89/$C$88 -> #DIV/0! | F88: =F89/$C$88 -> #DIV/0! | G88: =G89/$C$88 -> #DIV/0! | H88: =H89/$C$88 -> #DIV/0! | I88: =I89/$C$88 -> #DIV/0! | J88: =SUM(D88:I88) -> #DIV/0!
D89: =(D90*$C$90)+(D95*$C$95)+(D100*$C$100)+($C$105*D105) -> 0 | E89: =(E90*$C$90)+(E95*$C$95)+(E100*$C$100)+($C$105*E105) -> 0 | F89: =(F90*$C$90)+(F95*$C$95)+(F100*$C$100)+($C$105*F105) -> 0 | G89: =(G90*$C$90)+(G95*$C$95)+(G100*$C$100)+($C$105*G105) -> 0 | H89: =(H90*$C$90)+(H95*$C$95)+(H100*$C$100)+($C$105*H105) -> 0 | I89: =(I90*$C$90)+(I95*$C$95)+(I100*$C$100)+($C$105*I105) -> 0 | J89: =SUM(D89:I89) -> 0
A90: Elaboração do Projeto Legal Entrada - PLE | C90: =ROUND($C$88*0.1,4) -> 0 | D90: =(D91*A91)+(D92*A92)+(D93*A93)+(D94*A94) -> 0 | E90: =(E91*A91)+(E92*A92)+(E93*A93)+(E94*A94) -> 0 | F90: =(F91*A91)+(F92*A92)+(F93*A93)+(F94*A94) -> 0.2 | G90: =(G91*A91)+(G92*A92)+(G93*A93)+(G94*A94) -> 0.8 | H90: =(H91*A91)+(H92*A92)+(H93*A93)+(H94*A94) -> 0 | I90: =(I91*A91)+(I92*A92)+(I93*A93)+(I94*A94) -> 0 | J90: =SUM(D90:I90) -> 1
A91: 0 | B91: Execução | F91: 1 | J91: =SUM(D91:I91) -> 1
A92: 0.2 | B92: Entrega | F92: 1 | J92: =SUM(D92:I92) -> 1
A93: 0 | B93: Análise e Revisões | G93: 1 | J93: =SUM(D93:I93) -> 1
A94: 0.8 | B94: Aprovação | G94: 1 | J94: =SUM(D94:I94) -> 1
A95: Elaboração do Projeto Legal Aprovado - PLA | C95: =ROUND($C$88*0.1,4) -> 0 | D95: =(D96*A96)+(D97*A97)+(D98*A98)+(D99*A99) -> 0 | E95: =(E96*A96)+(E97*A97)+(E98*A98)+(E99*A99) -> 0 | F95: =(F96*A96)+(F97*A97)+(F98*A98)+(F99*A99) -> 0 | G95: =(G96*A96)+(G97*A97)+(G98*A98)+(G99*A99) -> 0.2 | H95: =(H96*A96)+(H97*A97)+(H98*A98)+(H99*A99) -> 0.8 | I95: =(I96*A96)+(I97*A97)+(I98*A98)+(I99*A99) -> 0 | J95: =SUM(D95:I95) -> 1
A96: 0 | B96: Execução | G96: 1 | J96: =SUM(D96:I96) -> 1
A97: 0.2 | B97: Entrega | G97: 1 | J97: =SUM(D97:I97) -> 1
A98: 0 | B98: Análise e Revisões | G98: 1 | J98: =SUM(D98:I98) -> 1
A99: 0.8 | B99: Aprovação | H99: 1 | J99: =SUM(D99:I99) -> 1
A100: Elaboração do Projeto básico - PB | C100: =ROUND($C$88*0.3,4) -> 0 | D100: =(D101*A101)+(D102*A102)+(D103*A103)+(D104*A104) -> 0 | E100: =(E101*A101)+(E102*A102)+(E103*A103)+(E104*A104) -> 0 | F100: =(F101*A101)+(F102*A102)+(F103*A103)+(F104*A104) -> 0 | G100: =(G101*A101)+(G102*A102)+(G103*A103)+(G104*A104) -> 0 | H100: =(H101*A101)+(H102*A102)+(H103*A103)+(H104*A104) -> 1 | I100: =(I101*A101)+(I102*A102)+(I103*A103)+(I104*A104) -> 0 | J100: =SUM(D100:I100) -> 1
A101: 0 | B101: Execução | F101: 0.2 | G101: 0.5 | H101: 0.3 | J101: =SUM(D101:I101) -> 1
A102: 0.2 | B102: Entrega | H102: 1 | J102: =SUM(D102:I102) -> 1
A103: 0 | B103: Análise e Revisões | H103: 1 | J103: =SUM(D103:I103) -> 1
A104: 0.8 | B104: Aprovação | H104: 1 | J104: =SUM(D104:I104) -> 1
A105: Elaboração do Projeto Executivo - PE | C105: =ROUND($C$88*0.5,4) -> 0 | D105: =(D106*A106)+(D107*A107)+(D108*A108)+(D109*A109) -> 0 | E105: =(E106*A106)+(E107*A107)+(E108*A108)+(E109*A109) -> 0 | F105: =(F106*A106)+(F107*A107)+(F108*A108)+(F109*A109) -> 0 | G105: =(G106*A106)+(G107*A107)+(G108*A108)+(G109*A109) -> 0 | H105: =(H106*A106)+(H107*A107)+(H108*A108)+(H109*A109) -> 0.2 | I105: =(I106*A106)+(I107*A107)+(I108*A108)+(I109*A109) -> 0.8 | J105: =SUM(D105:I105) -> 1
...

Sheet CRONOGRAMA TR
B4: CRONOGRAMA FINANCEIRO
A5: Objeto: | B5: ='Planilha Proposta'!L8 -> Contratação de empresa especializada em elaboração de projetos de arquitetura e de engenharia Modelagem da Informação da Construção (BIM), para construção da Delegacia de Polícia Civil e CINTRAN, do município de Itapema, Santa Catarina | I5: DATA BASE:
A8: ATIVIDADES | C8: PREÇO | D8: MESES | J8: TOTAL
D9: 1 | E9: 2 | F9: 3 | G9: 4 | H9: 5 | I9: 6
A10: 01.01 - Levantamentos, Estudos e Ensaios | C10: =C12+C17+C22 -> 0 | D10: =D11/C10 -> #DIV/0! | E10: =E11/$C$10 -> #DIV/0! | F10: =F11/$C$10 -> #DIV/0! | G10: =G11/$C$10 -> #DIV/0! | H10: =H11/$C$10 -> #DIV/0! | I10: =I11/$C$10 -> #DIV/0! | J10: =SUM(D10:I10) -> #DIV/0!
D11: =(D12*C12)+(D17*C17)+(D22*C22) -> 0 | E11: =(E12*C12)+(E17*C17)+(E22*C22) -> 0 | F11: =(F12*C12)+(F17*C17)+(F22*C22) -> 0 | G11: =(G12*C12)+(G17*C17)+(G22*C22) -> 0 | H11: =(H12*C12)+(H17*C17)+(H22*C22) -> 0 | I11: =(I12*C12)+(I17*C17)+(I22*C22) -> 0 | J11: =SUM(D11:I11) -> 0
A12: Mobilização e Desmobilização | C12: ='Planilha Proposta'!AQ19 -> 0 | D12: =(D13*A13)+(D14*A14)+(D15*A15)+(D16*A16) -> 1 | E12: =(E13*A13)+(E14*A14)+(E15*A15)+(E16*A16) -> 0 | F12: =(F13*A13)+(F14*A14)+(F15*A15)+(F16*A16) -> 0 | G12: =(G13*A13)+(G14*A14)+(G15*A15)+(G16*A16) -> 0 | H12: =(H13*A13)+(H14*A14)+(H15*A15)+(H16*A16) -> 0 | I12: =(I13*A13)+(I14*A14)+(I15*A15)+(I16*A16) -> 0 | J12: =SUM(D12:I12) -> 1
A13: 0 | B13: Execução | D13: 1 | J13: =SUM(D13:I13) -> 1
A14: 0.2 | B14: Entrega | D14: 1 | J14: =SUM(D14:I14) -> 1
A15: 0 | B15: Análise e Revisões | D15: 1 | J15: =SUM(D15:I15) -> 1
A16: 0.8 | B16: Aprovação | D16: 1 | J16: =SUM(D16:I16) -> 1
A17: Levantamento Planialtimétrico | C17: ='Planilha Proposta'!AQ23 -> 0 | D17: =(D18*A18)+(D19*A19)+(D20*A20)+(D21*A21) -> 1 | E17: =(E18*A18)+(E19*A19)+(E20*A20)+(E21*A21) -> 0 | F17: =(F18*A18)+(F19*A19)+(F20*A20)+(F21*A21) -> 0 | G17: =(G18*A18)+(G19*A19)+(G20*A20)+(G21*A21) -> 0 | H17: =(H18*A18)+(H19*A19)+(H20*A20)+(H21*A21) -> 0 | I17: =(I18*A18)+(I19*A19)+(I20*A20)+(I21*A21) -> 0 | J17: =SUM(D17:I17) -> 1
A18: 0 | B18: Execução | D18: 1 | J18: =SUM(D18:I18) -> 1
A19: 0.2 | B19: Entrega | D19: 1 | J19: =SUM(D19:I19) -> 1
A20: 0 | B20: Análise e Revisões | D20: 1 | J20: =SUM(D20:I20) -> 1
A21: 0.8 | B21: Aprovação | D21: 1 | J21: =SUM(D21:I21) -> 1
A22: Sondagem | C22: ='Planilha Proposta'!AQ27 -> 0 | D22: =(D23*A23)+(D24*A24)+(D25*A25)+(D26*A26) -> 1 | E22: =(E23*A23)+(E24*A24)+(E25*A25)+(E26*A26) -> 0 | F22: =(F23*A23)+(F24*A24)+(F25*A25)+(F26*A26) -> 0 | G22: =(G23*A23)+(G24*A24)+(G25*A25)+(G26*A26) -> 0 | H22: =(H23*A23)+(H24*A24)+(H25*A25)+(H26*A26) -> 0 | I22: =(I23*A23)+(I24*A24)+(I25*A25)+(I26*A26) -> 0 | J22: =SUM(D22:I22) -> 1
A23: 0 | B23: Execução | D23: 1 | J23: =SUM(D23:I23) -> 1
A24: 0.2 | B24: Entrega | D24: 1 | J24: =SUM(D24:I24) -> 1
A25: 0 | B25: Análise e Revisões | D25: 1 | J25: =SUM(D25:I25) -> 1
A26: 0.8 | B26: Aprovação | D26: 1 | J26: =SUM(D26:I26) -> 1
A27: 01.01.04 - Projeto de Arquitetura, Urbanismo e Paisagismo | C27: ='Planilha Proposta'!AQ31 -> 0 | D27: =D28/$C$27 -> #DIV/0! | E27: =E28/$C$27 -> #DIV/0! | F27: =F28/$C$27 -> #DIV/0! | G27: =G28/$C$27 -> #DIV/0! | H27: =H28/$C$27 -> #DIV/0! | I27: =I28/$C$27 -> #DIV/0! | J27: =SUM(D27:I27) -> #DIV/0!
D28: =(D29*$C$29)+(D34*$C$34)+($C$39*D39)+(D44*$C$44)+(D49*$C$49) -> 0 | E28: =(E29*$C$29)+(E34*$C$34)+($C$39*E39)+(E44*$C$44)+(E49*$C$49) -> 0 | F28: =(F29*$C$29)+(F34*$C$34)+($C$39*F39)+(F44*$C$44)+(F49*$C$49) -> 0 | G28: =(G29*$C$29)+(G34*$C$34)+($C$39*G39)+(G44*$C$44)+(G49*$C$49) -> 0 | H28: =(H29*$C$29)+(H34*$C$34)+($C$39*H39)+(H44*$C$44)+(H49*$C$49) -> 0 | I28: =(I29*$C$29)+(I34*$C$34)+($C$39*I39)+(I44*$C$44)+(I49*$C$49) -> 0 | J28: =SUM(D28:I28) -> 0
A29: Elaboração do Anteprojeto - AP | C29: =ROUND($C$27*0.1,4) -> 0 | D29: =(D30*A30)+(D31*A31)+(D32*A32)+(D33*A33) -> 0 | E29: =(E30*A30)+(E31*A31)+(E32*A32)+(E33*A33) -> 1 | F29: =(F30*A30)+(F31*A31)+(F32*A32)+(F33*A33) -> 0 | G29: =(G30*A30)+(G31*A31)+(G32*A32)+(G33*A33) -> 0 | H29: =(H30*A30)+(H31*A31)+(H32*A32)+(H33*A33) -> 0 | I29: =(I30*A30)+(I31*A31)+(I32*A32)+(I33*A33) -> 0 | J29: =SUM(D29:I29) -> 1
A30: 0 | B30: Execução | D30: 0.4 | E30: 0.6 | J30: =SUM(D30:I30) -> 1
A31: 0.2 | B31: Entrega | E31: 1 | J31: =SUM(D31:I31) -> 1
A32: 0 | B32: Análise e Revisões | E32: 1 | J32: =SUM(D32:I32) -> 1
A33: 0.8 | B33: Aprovação | E33: 1 | J33: =SUM(D33:I33) -> 1
A34: Elaboração do Projeto Legal Entrada - PLE | C34: =ROUND($C$27*0.05,4) -> 0 | D34: =(D35*A35)+(D36*A36)+(D37*A37)+(D38*A38) -> 0 | E34: =(E35*A35)+(E36*A36)+(E37*A37)+(E38*A38) -> 0 | F34: =(F35*A35)+(F36*A36)+(F37*A37)+(F38*A38) -> 1 | G34: =(G35*A35)+(G36*A36)+(G37*A37)+(G38*A38) -> 0 | H34: =(H35*A35)+(H36*A36)+(H37*A37)+(H38*A38) -> 0 | I34: =(I35*A35)+(I36*A36)+(I37*A37)+(I38*A38) -> 0 | J34: =SUM(D34:I34) -> 1
A35: 0 | B35: Execução | E35: 0.4 | F35: 0.6 | J35: =SUM(D35:I35) -> 1
A36: 0.2 | B36: Entrega | F36: 1 | J36: =SUM(D36:I36) -> 1
A37: 0 | B37: Análise e Revisões | F37: 1 | J37: =SUM(D37:I37) -> 1
A38: 0.8 | B38: Aprovação | F38: 1 | J38: =SUM(D38:I38) -> 1
A39: Elaboração do Projeto Legal Aprovado - PLA | C39: =ROUND($C$27*0.05,4) -> 0 | D39: =(D40*A40)+(D41*A41)+(D42*A42)+(D43*A43) -> 0 | E39: =(E40*A40)+(E41*A41)+(E42*A42)+(E43*A43) -> 0 | F39: =(F40*A40)+(F41*A41)+(F42*A42)+(F43*A43) -> 0.2 | G39: =(G40*A40)+(G41*A41)+(G42*A42)+(G43*A43) -> 0.8 | H39: =(H40*A40)+(H41*A41)+(H42*A42)+(H43*A43) -> 0 | I39: =(I40*A40)+(I41*A41)+(I42*A42)+(I43*A43) -> 0 | J39: =SUM(D39:I39) -> 1
A40: 0 | B40: Execução | F40: 1 | J40: =SUM(D40:I40) -> 1
A41: 0.2 | B41: Entrega | F41: 1 | J41: =SUM(D41:I41) -> 1
A42: 0 | B42: Análise e Revisões | F42: 1 | J42: =SUM(D42:I42) -> 1
A43: 0.8 | B43: Aprovação | G43: 1 | J43: =SUM(D43:I43) -> 1
A44: Elaboração do Projeto básico - PB | C44: =ROUND($C$27*0.3,4) -> 0 | D44: =(D45*A45)+(D46*A46)+(D47*A47)+(D48*A48) -> 0 | E44: =(E45*A45)+(E46*A46)+(E47*A47)+(E48*A48) -> 0 | F44: =(F45*A45)+(F46*A46)+(F47*A47)+(F48*A48) -> 0 | G44: =(G45*A45)+(G46*A46)+(G47*A47)+(G48*A48) -> 1 | H44: =(H45*A45)+(H46*A46)+(H47*A47)+(H48*A48) -> 0 | I44: =(I45*A45)+(I46*A46)+(I47*A47)+(I48*A48) -> 0 | J44: =SUM(D44:I44) -> 1
A45: 0 | B45: Execução | E45: 0.35 | F45: 0.6 | G45: 0.05 | J45: =SUM(D45:I45) -> 1
A46: 0.2 | B46: Entrega | G46: 1 | J46: =SUM(D46:I46) -> 1
A47: 0 | B47: Análise e Revisões | G47: 1 | J47: =SUM(D47:I47) -> 1
A48: 0.8 | B48: Aprovação | G48: 1 | J48: =SUM(D48:I48) -> 1
A49: Elaboração do Projeto Executivo - PE | C49: =ROUND($C$27*0.5,4) -> 0 | D49: =(D50*A50)+(D51*A51)+(D52*A52)+(D53*A53) -> 0 | E49: =(E50*A50)+(E51*A51)+(E52*A52)+(E53*A53) -> 0 | F49: =(F50*A50)+(F51*A51)+(F52*A52)+(F53*A53) -> 0 | G49: =(G50*A50)+(G51*A51)+(G52*A52)+(G53*A53) -> 0 | H49: =(H50*A50)+(H51*A51)+(H52*A52)+(H53*A53) -> 0.2 | I49: =(I50*A50)+(I51*A51)+(I52*A52)+(I53*A53) -> 0.8 | J49: =SUM(D49:I49) -> 1
A50: 0 | B50: Execução | F50: 0.35 | G50: 0.6 | H50: 0.05 | J50: =SUM(D50:I50) -> 1
A51: 0.2 | B51: Entrega | H51: 1 | J51: =SUM(D51:I51) -> 1
A52: 0 | B52: Análise e Revisões | H52: 1 | J52: =SUM(D52:I52) -> 1
A53: 0.8 | B53: Aprovação | I53: 1 | J53: =SUM(D53:I53) -> 1
A54: Projeto Estrutural, Inclusive Fundação | C54: ='Planilha Proposta'!AQ35 -> 0 | D54: =D55/C54 -> #DIV/0! | E54: =E55/C54 -> #DIV/0! | F54: =F55/$C$54 -> #DIV/0! | G54: =G55/$C$54 -> #DIV/0! | H54: =H55/$C$54 -> #DIV/0! | I54: =I55/$C$54 -> #DIV/0! | J54: =SUM(D54:I54) -> #DIV/0!
D55: =(D56*$C$56)+(D61*$C$61) -> 0 | E55: =(E56*$C$56)+(E61*$C$61) -> 0 | F55: =(F56*$C$56)+(F61*$C$61) -> 0 | G55: =(G56*$C$56)+(G61*$C$61) -> 0 | H55: =(H56*$C$56)+(H61*$C$61) -> 0 | I55: =(I56*$C$56)+(I61*$C$61) -> 0 | J55: =SUM(D55:I55) -> 0
A56: Elaboração do Projeto básico - PB | C56: =ROUND($C$54*0.6,4) -> 0 | D56: =(D57*A57)+(D58*A58)+(D59*A59)+(D60*A60) -> 0 | E56: =(E57*A57)+(E58*A58)+(E59*A59)+(E60*A60) -> 0 | F56: =(F57*A57)+(F58*A58)+(F59*A59)+(F60*A60) -> 0 | G56: =(G57*A57)+(G58*A58)+(G59*A59)+(G60*A60) -> 0 | H56: =(H57*A57)+(H58*A58)+(H59*A59)+(H60*A60) -> 1 | I56: =(I57*A57)+(I58*A58)+(I59*A59)+(I60*A60) -> 0 | J56: =SUM(D56:I56) -> 1
A57: 0 | B57: Execução | F57: 0.3 | G57: 0.6 | H57: 0.1 | J57: =SUM(D57:I57) -> 1
A58: 0.2 | B58: Entrega | H58: 1 | J58: =SUM(D58:I58) -> 1
A59: 0 | B59: Análise e Revisões | H59: 1 | J59: =SUM(D59:I59) -> 1
A60: 0.8 | B60: Aprovação | H60: 1 | J60: =SUM(D60:I60) -> 1
A61: Elaboração do Projeto Executivo - PE | C61: =ROUND($C$54*0.4,4) -> 0 | D61: =(D62*A62)+(D63*A63)+(D64*A64)+(D65*A65) -> 0 | E61: =(E62*A62)+(E63*A63)+(E64*A64)+(E65*A65) -> 0 | F61: =(F62*A62)+(F63*A63)+(F64*A64)+(F65*A65) -> 0 | G61: =(G62*A62)+(G63*A63)+(G64*A64)+(G65*A65) -> 0 | H61: =(H62*A62)+(H63*A63)+(H64*A64)+(H65*A65) -> 0.2 | I61: =(I62*A62)+(I63*A63)+(I64*A64)+(I65*A65) -> 0.8 | J61: =SUM(D61:I61) -> 1
A62: 0 | B62: Execução | G62: 0.35 | H62: 0.65 | J62: =SUM(D62:I62) -> 1
A63: 0.2 | B63: Entrega | G63: 0 | H63: 1 | J63: =SUM(D63:I63) -> 1
A64: 0 | B64: Análise e Revisões | I64: 1 | J64: =SUM(D64:I64) -> 1
A65: 0.8 | B65: Aprovação | I65: 1 | J65: =SUM(D65:I65) -> 1
A66: Projeto Hidrossanitário | C66: ='Planilha Proposta'!AQ36 -> 0 | D66: =D67/$C$66 -> #DIV/0! | E66: =E67/$C$66 -> #DIV/0! | F66: =F67/$C$66 -> #DIV/0! | G66: =G67/$C$66 -> #DIV/0! | H66: =H67/$C$66 -> #DIV/0! | I66: =I67/$C$66 -> #DIV/0! | J66: =SUM(D66:I66) -> #DIV/0!
D67: =(D68*$C$68)+(D73*$C$73)+(D78*$C$78)+($C$83*D83) -> 0 | E67: =(E68*$C$68)+(E73*$C$73)+(E78*$C$78)+($C$83*E83) -> 0 | F67: =(F68*$C$68)+(F73*$C$73)+(F78*$C$78)+($C$83*F83) -> 0 | G67: =(G68*$C$68)+(G73*$C$73)+(G78*$C$78)+($C$83*G83) -> 0 | H67: =(H68*$C$68)+(H73*$C$73)+(H78*$C$78)+($C$83*H83) -> 0 | I67: =(I68*$C$68)+(I73*$C$73)+(I78*$C$78)+($C$83*I83) -> 0 | J67: =SUM(D67:I67) -> 0
A68: Elaboração do Projeto Legal Entrada - PLE | C68: =ROUND($C$66*0.1,4) -> 0 | D68: =(D69*A69)+(D70*A70)+(D71*A71)+(D72*A72) -> 0 | E68: =(E69*A69)+(E70*A70)+(E71*A71)+(E72*A72) -> 0 | F68: =(F69*A69)+(F70*A70)+(F71*A71)+(F72*A72) -> 0.2 | G68: =(G69*A69)+(G70*A70)+(G71*A71)+(G72*A72) -> 0.8 | H68: =(H69*A69)+(H70*A70)+(H71*A71)+(H72*A72) -> 0 | I68: =(I69*A69)+(I70*A70)+(I71*A71)+(I72*A72) -> 0 | J68: =SUM(D68:I68) -> 1
A69: 0 | B69: Execução | F69: 1 | J69: =SUM(D69:I69) -> 1
A70: 0.2 | B70: Entrega | F70: 1 | J70: =SUM(D70:I70) -> 1
A71: 0 | B71: Análise e Revisões | G71: 1 | J71: =SUM(D71:I71) -> 1
A72: 0.8 | B72: Aprovação | G72: 1 | J72: =SUM(D72:I72) -> 1
A73: Elaboração do Projeto Legal Aprovado - PLA | C73: =ROUND($C$66*0.1,4) -> 0 | D73: =(D74*A74)+(D75*A75)+(D76*A76)+(D77*A77) -> 0 | E73: =(E74*A74)+(E75*A75)+(E76*A76)+(E77*A77) -> 0 | F73: =(F74*A74)+(F75*A75)+(F76*A76)+(F77*A77) -> 0 | G73: =(G74*A74)+(G75*A75)+(G76*A76)+(G77*A77) -> 0.2 | H73: =(H74*A74)+(H75*A75)+(H76*A76)+(H77*A77) -> 0.8 | I73: =(I74*A74)+(I75*A75)+(I76*A76)+(I77*A77) -> 0 | J73: =SUM(D73:I73) -> 1
A74: 0 | B74: Execução | G74: 1 | J74: =SUM(D74:I74) -> 1
A75: 0.2 | B75: Entrega | G75: 1 | J75: =SUM(D75:I75) -> 1
A76: 0 | B76: Análise e Revisões | G76: 1 | J76: =SUM(D76:I76) -> 1
A77: 0.8 | B77: Aprovação | H77: 1 | J77: =SUM(D77:I77) -> 1
A78: Elaboração do Projeto básico - PB | C78: =ROUND($C$66*0.3,4) -> 0 | D78: =(D79*A79)+(D80*A80)+(D81*A81)+(D82*A82) -> 0 | E78: =(E79*A79)+(E80*A80)+(E81*A81)+(E82*A82) -> 0 | F78: =(F79*A79)+(F80*A80)+(F81*A81)+(F82*A82) -> 0 | G78: =(G79*A79)+(G80*A80)+(G81*A81)+(G82*A82) -> 0 | H78: =(H79*A79)+(H80*A80)+(H81*A81)+(H82*A82) -> 1 | I78: =(I79*A79)+(I80*A80)+(I81*A81)+(I82*A82) -> 0 | J78: =SUM(D78:I78) -> 1
A79: 0 | B79: Execução | F79: 0.3 | G79: 0.6 | H79: 0.1 | J79: =SUM(D79:I79) -> 1
A80: 0.2 | B80: Entrega | H80: 1 | J80: =SUM(D80:I80) -> 1
A81: 0 | B81: Análise e Revisões | H81: 1 | J81: =SUM(D81:I81) -> 1
A82: 0.8 | B82: Aprovação | H82: 1 | J82: =SUM(D82:I82) -> 1
A83: Elaboração do Projeto Executivo - PE | C83: =ROUND($C$66*0.5,4) -> 0 | D83: =(D84*A84)+(D85*A85)+(D86*A86)+(D87*A87) -> 0 | E83: =(E84*A84)+(E85*A85)+(E86*A86)+(E87*A87) -> 0 | F83: =(F84*A84)+(F85*A85)+(F86*A86)+(F87*A87) -> 0 | G83: =(G84*A84)+(G85*A85)+(G86*A86)+(G87*A87) -> 0 | H83: =(H84*A84)+(H85*A85)+(H86*A86)+(H87*A87) -> 0.2 | I83: =(I84*A84)+(I85*A85)+(I86*A86)+(I87*A87) -> 0.8 | J83: =SUM(D83:I83) -> 1
A84: 0 | B84: Execução | G84: 0.3 | H84: 0.7 | J84: =SUM(D84:I84) -> 1
A85: 0.2 | B85: Entrega | G85: 0 | H85: 1 | J85: =SUM(D85:I85) -> 1
A86: 0 | B86: Análise e Revisões | I86: 1 | J86: =SUM(D86:I86) -> 1
A87: 0.8 | B87: Aprovação | I87: 1 | J87: =SUM(D87:I87) -> 1
A88: Projeto Redes Elétricas | C88: ='Planilha Proposta'!AQ37 -> 0 | D88: =D89/$C$88 -> #DIV/0! | E88: =E89/$C$88 -> #DIV/0! | F88: =F89/$C$88 -> #DIV/0! | G88: =G89/$C$88 -> #DIV/0! | H88: =H89/$C$88 -> #DIV/0! | I88: =I89/$C$88 -> #DIV/0! | J88: =SUM(D88:I88) -> #DIV/0!
D89: =(D90*$C$90)+(D95*$C$95)+(D100*$C$100)+($C$105*D105) -> 0 | E89: =(E90*$C$90)+(E95*$C$95)+(E100*$C$100)+($C$105*E105) -> 0 | F89: =(F90*$C$90)+(F95*$C$95)+(F100*$C$100)+($C$105*F105) -> 0 | G89: =(G90*$C$90)+(G95*$C$95)+(G100*$C$100)+($C$105*G105) -> 0 | H89: =(H90*$C$90)+(H95*$C$95)+(H100*$C$100)+($C$105*H105) -> 0 | I89: =(I90*$C$90)+(I95*$C$95)+(I100*$C$100)+($C$105*I105) -> 0 | J89: =SUM(D89:I89) -> 0
A90: Elaboração do Projeto Legal Entrada - PLE | C90: =ROUND($C$88*0.1,4) -> 0 | D90: =(D91*A91)+(D92*A92)+(D93*A93)+(D94*A94) -> 0 | E90: =(E91*A91)+(E92*A92)+(E93*A93)+(E94*A94) -> 0 | F90: =(F91*A91)+(F92*A92)+(F93*A93)+(F94*A94) -> 0.2 | G90: =(G91*A91)+(G92*A92)+(G93*A93)+(G94*A94) -> 0.8 | H90: =(H91*A91)+(H92*A92)+(H93*A93)+(H94*A94) -> 0 | I90: =(I91*A91)+(I92*A92)+(I93*A93)+(I94*A94) -> 0 | J90: =SUM(D90:I90) -> 1
A91: 0 | B91: Execução | F91: 1 | J91: =SUM(D91:I91) -> 1
A92: 0.2 | B92: Entrega | F92: 1 | J92: =SUM(D92:I92) -> 1
A93: 0 | B93: Análise e Revisões | G93: 1 | J93: =SUM(D93:I93) -> 1
A94: 0.8 | B94: Aprovação | G94: 1 | J94: =SUM(D94:I94) -> 1
A95: Elaboração do Projeto Legal Aprovado - PLA | C95: =ROUND($C$88*0.1,4) -> 0 | D95: =(D96*A96)+(D97*A97)+(D98*A98)+(D99*A99) -> 0 | E95: =(E96*A96)+(E97*A97)+(E98*A98)+(E99*A99) -> 0 | F95: =(F96*A96)+(F97*A97)+(F98*A98)+(F99*A99) -> 0 | G95: =(G96*A96)+(G97*A97)+(G98*A98)+(G99*A99) -> 0.2 | H95: =(H96*A96)+(H97*A97)+(H98*A98)+(H99*A99) -> 0.8 | I95: =(I96*A96)+(I97*A97)+(I98*A98)+(I99*A99) -> 0 | J95: =SUM(D95:I95) -> 1
A96: 0 | B96: Execução | G96: 1 | J96: =SUM(D96:I96) -> 1
A97: 0.2 | B97: Entrega | G97: 1 | J97: =SUM(D97:I97) -> 1
A98: 0 | B98: Análise e Revisões | G98: 1 | J98: =SUM(D98:I98) -> 1
A99: 0.8 | B99: Aprovação | H99: 1 | J99: =SUM(D99:I99) -> 1
A100: Elaboração do Projeto básico - PB | C100: =ROUND($C$88*0.3,4) -> 0 | D100: =(D101*A101)+(D102*A102)+(D103*A103)+(D104*A104) -> 0 | E100: =(E101*A101)+(E102*A102)+(E103*A103)+(E104*A104) -> 0 | F100: =(F101*A101)+(F102*A102)+(F103*A103)+(F104*A104) -> 0 | G100: =(G101*A101)+(G102*A102)+(G103*A103)+(G104*A104) -> 0 | H100: =(H101*A101)+(H102*A102)+(H103*A103)+(H104*A104) -> 1 | I100: =(I101*A101)+(I102*A102)+(I103*A103)+(I104*A104) -> 0 | J100: =SUM(D100:I100) -> 1
A101: 0 | B101: Execução | F101: 0.2 | G101: 0.5 | H101: 0.3 | J101: =SUM(D101:I101) -> 1
A102: 0.2 | B102: Entrega | H102: 1 | J102: =SUM(D102:I102) -> 1
A103: 0 | B103: Análise e Revisões | H103: 1 | J103: =SUM(D103:I103) -> 1
A104: 0.8 | B104: Aprovação | H104: 1 | J104: =SUM(D104:I104) -> 1
A105: Elaboração do Projeto Executivo - PE | C105: =ROUND($C$88*0.5,4) -> 0 | D105: =(D106*A106)+(D107*A107)+(D108*A108)+(D109*A109) -> 0 | E105: =(E106*A106)+(E107*A107)+(E108*A108)+(E109*A109) -> 0 | F105: =(F106*A106)+(F107*A107)+(F108*A108)+(F109*A109) -> 0 | G105: =(G106*A106)+(G107*A107)+(G108*A108)+(G109*A109) -> 0 | H105: =(H106*A106)+(H107*A107)+(H108*A108)+(H109*A109) -> 0.2 | I105: =(I106*A106)+(I107*A107)+(I108*A108)+(I109*A109) -> 0.8 | J105: =SUM(D105:I105) -> 1
...

Sheet BDIs
B2: BDI – SERVIÇOS TÉCNICOS ESPECIALIZADOS
B4: Contratação de empresa especializada em elaboração de projetos de arquitetura e de engenharia, utilizando a metodologia da Modelagem da Informação da Construção (BIM), para construção de edificação no interior do terreno do imóvel que abriga Delegacia de Polícia Civil e CINTRAN, do município de Itapema, Santa Catarina.
B6: ISSQ referencial máximo 5,00%
B8: Taxa Selic na data-base do orçamento (03/2025) (%)
B10: Itens | F10: Siglas | G10: Adotado (%)
B11: Administração Central | F11: AC
B12: Seguro e Garantia | F12: SG
B13: Risco | F13: R
B14: Despesas Financeiras | F14: DF | G14: =((1+(H8/100))^(22/252)-1)*100 -> 0
B15: Lucro | F15: L
B16: Cofins % e PIS % | F16: CP
B17: ISS | F17: ISS | G17: =H6 -> 0
B18: Contribuição Previdenciária sobre a Receita Bruta | F18: CPRB | G18: 0
B19: BDI Onerado | G19: =(((1+(G11+G12+G13)/100)*(1+G14/100)*(1+G15/100))/(1-(G16+G17+G18)/100))-1 -> 0
B21: Fórmula para cálculo do BDI conforme Acórdão 2.622/2013 – Plenário (TCU):
B23: Observações:
B24: 1) Percentuais adotados conforme Instrução Normativa SIE 2/2020. https://www.sie.sc.gov.br/instrucoes-normativas
B25: (2) Não é permitida a utilização de mão de obra desonerada para as empresas de arquitetura e engenharia enquadradas no Grupo 711 do CNAE 2.0.
B26: (3) Os percentuais de PIS e Cofins adotados referem-se a pessoas jurídicas sujeitas ao regime de incidência cumulativa. Ajustes, se necessários, devem ser feitos pelos licitantes de acordo com seu regime tributário.
B29: Cidade, data da assinatura digital

Sheet BDI Diferenciado
B2: BDI – DIFERENCIADO SERVIÇOS TÉCNICOS ESPECIALIZADOS
B4: Contratação de empresa especializada em elaboração de projetos de arquitetura e de engenharia, utilizando a metodologia da Modelagem da Informação da Construção (BIM), para construção de edificação no interior do terreno do imóvel que abriga Delegacia de Polícia Civil e CINTRAN, do município de Itapema, Santa Catarina.
B6: ISSQ referencial máximo 5,00%
B8: Taxa Selic na data-base do orçamento (03/2025) (%)
B10: Itens | F10: Siglas | G10: Adotado (%)
B11: Administração Central | F11: AC
B12: Seguro e Garantia | F12: SG
B13: Risco | F13: R
B14: Despesas Financeiras | F14: DF | G14: =((1+(H8/100))^(22/252)-1)*100 -> 0
B15: Lucro | F15: L
B16: Cofins % e PIS % | F16: CP
B17: ISS | F17: ISS | G17: =H6 -> 0
B18: Contribuição Previdenciária sobre a Receita Bruta | F18: CPRB | G18: 0
B19: BDI Onerado | G19: =(((1+(G11+G12+G13)/100)*(1+G14/100)*(1+G15/100))/(1-(G16+G17+G18)/100))-1 -> 0
B21: Fórmula para cálculo do BDI conforme Acórdão 2.622/2013 – Plenário (TCU):
B23: Observações:
B24: 1) Percentuais adotados conforme Instrução Normativa SIE 2/2020. https://www.sie.sc.gov.br/instrucoes-normativas
B25: (2) Não é permitida a utilização de mão de obra desonerada para as empresas de arquitetura e engenharia enquadradas no Grupo 711 do CNAE 2.0.
B26: (3) Os percentuais de PIS e Cofins adotados referem-se a pessoas jurídicas sujeitas ao regime de incidência cumulativa. Ajustes, se necessários, devem ser feitos pelos licitantes de acordo com seu regime tributário.
B29: Florianópolis, data da assinatura digital
B33: (assinado digitalmente)
